| TOP OF THE 1ST |
|
Staten Island Yankees batting - Pitching for Vancouver Canadians : RHP Jonathon Crunk
|
|
Pitching: RHP Jonathon Crunk
|
|
|
Batting: RHB Norimoto Miyanishi
|
0-0: Ground out 6-3 (Groundball, 6, EV 82.5 MPH)
|
|
Batting: RHB Edite Leoni
|
0-0: Ball 1-0: Ball 2-0: Called Strike 2-1: Swinging Strike 2-2: Strikes out looking
|
|
Batting: RHB Pat Pemberton
|
0-0: Ball 1-0: Ball 2-0: Fly out, F7 (Flyball, 78M, EV 85.6 MPH)
|
| Top of the 1st over - 0 runs, 0 hits, 0 errors, 0 left on base; Staten Island 0 - Vancouver 0 |
| BOTTOM OF THE 1ST |
|
Vancouver Canadians batting - Pitching for Staten Island Yankees : RHP Andrew Ray
|
|
Pitching: RHP Andrew Ray
|
|
|
Batting: RHB Kennet Strijbis
|
0-0: Ball 1-0: SINGLE (Line Drive, 9S, EV 101.9 MPH)
|
|
Batting: RHB Brian Manson
|
0-0: Ball 1-0: Ball 2-0: Called Strike 2-1: SINGLE (Groundball, 56D, EV 100.0 MPH) Kennet Strijbis to second
|
|
Batting: RHB Norm Mercer
|
0-0: Ball 1-0: SINGLE (Groundball, 4M, EV 76.9 MPH) (infield hit) Kennet Strijbis to third Brian Manson to second
|
|
Batting: RHB Carlos Renteria
|
0-0: Called Strike 0-1: Ball 1-1: Ball 2-1: Fly out, F9 (Flyball, 89M, EV 90.6 MPH) Runner from 3rd tags up, SCORES, throw by RF
|
|
Batting: RHB Ricky Carbajal
|
0-0: Ball 1-0: Ball 2-0: Fielders Choice at 2nd, 6-4 (Groundball, 6, EV 100.6 MPH) Brian Manson to third
|
|
Batting: RHB Elliot Manfredini
|
0-0: Ball 1-0: Called Strike 1-1: Ball 2-1: Ground out 6-3 (Groundball, 6S, EV 65.6 MPH)
|
| Bottom of the 1st over - 1 run, 3 hits, 0 errors, 2 left on base; Staten Island 0 - Vancouver 1 |
| TOP OF THE 2ND |
|
Staten Island Yankees batting - Pitching for Vancouver Canadians : RHP Jonathon Crunk
|
|
Batting: SHB Tadaaki Kondo
|
0-0: Ball 1-0: Foul Ball, location: 2F 1-1: Ball 2-1: SINGLE (Line Drive, 4D, EV 95.0 MPH)
|
|
Batting: RHB Brad Wren
|
0-0: Ball 1-0: Swinging Strike 1-1: Ball 2-1: Called Strike 2-2: Strikes out looking
|
|
Batting: RHB Matt Thompson
|
0-0: Called Strike 0-1: Ball 1-1: Called Strike 1-2: Fielders Choice at 2nd, 4-6 (Groundball, 4, EV 80.6 MPH)
|
|
Batting: RHB Jesus Ruiz
|
0-0: Swinging Strike 0-1: Ball Pickoff Throw by Catcher to First - Error! E2 Matt Thompson to second 1-1: Ball 2-1: Ground out 5-3 (Groundball, 5, EV 103.1 MPH)
|
| Top of the 2nd over - 0 runs, 1 hit, 1 error, 1 left on base; Staten Island 0 - Vancouver 1 |
| BOTTOM OF THE 2ND |
|
Vancouver Canadians batting - Pitching for Staten Island Yankees : RHP Andrew Ray
|
|
Batting: RHB Braydon Pinsent
|
0-0: Ball 1-0: Called Strike 1-1: Ball 2-1: Ball 3-1: Swinging Strike 3-2: Base on Balls
|
|
Batting: RHB Mike Johnson
|
0-0: Ball 1-0: Fielders Choice at 2nd, 4-6 (Groundball, 4, EV 86.9 MPH)
|
|
Batting: RHB Luis Vargas
|
0-0: Ball Mike Johnson is caught stealing 2nd base 2-4 1-0: Swinging Strike 1-1: Foul Ball, location: 2F 1-2: Ball 2-2: Foul Ball, location: 2F 2-2: Ball 3-2: Strikes out swinging, 2-3 out at first.
|
| Bottom of the 2nd over - 0 runs, 0 hits, 0 errors, 0 left on base; Staten Island 0 - Vancouver 1 |
| TOP OF THE 3RD |
|
Staten Island Yankees batting - Pitching for Vancouver Canadians : RHP Jonathon Crunk
|
|
Batting: LHB Danny de Leon
|
0-0: Called Strike 0-1: Ball 1-1: DOUBLE (Flyball, 8RD, EV 100.0 MPH)
|
|
Batting: RHB Alex Blanco
|
0-0: Ball 1-0: Called Strike 1-1: Ball 2-1: Foul Ball, location: 2F 2-2: Ball 3-2: Strikes out swinging
|
|
Batting: RHB Norimoto Miyanishi
|
0-0: Ball 1-0: Fly out, F7 (Flyball, 7D, EV 94.4 MPH)
|
|
Batting: RHB Edite Leoni
|
0-0: Fly out, F9 (Flyball, 9LS, EV 71.2 MPH)
|
| Top of the 3rd over - 0 runs, 1 hit, 0 errors, 1 left on base; Staten Island 0 - Vancouver 1 |
| BOTTOM OF THE 3RD |
|
Vancouver Canadians batting - Pitching for Staten Island Yankees : RHP Andrew Ray
|
|
Batting: RHB Kennet Strijbis
|
0-0: Called Strike 0-1: Ball 1-1: Foul Ball, location: 2F 1-2: Foul Ball, location: 2F 1-2: Ball 2-2: Ground out 2-3 (Groundball, 15S, EV 70.0 MPH)
|
|
Batting: RHB Brian Manson
|
0-0: Ball 1-0: Foul Ball, location: 2F 1-1: Ball 2-1: Swinging Strike 2-2: Strikes out swinging
|
|
Batting: RHB Norm Mercer
|
0-0: Ball 1-0: Ground out 6-3 (Groundball, 6, EV 105.0 MPH)
|
| Bottom of the 3rd over - 0 runs, 0 hits, 0 errors, 0 left on base; Staten Island 0 - Vancouver 1 |
| TOP OF THE 4TH |
|
Staten Island Yankees batting - Pitching for Vancouver Canadians : RHP Jonathon Crunk
|
|
Batting: RHB Pat Pemberton
|
0-0: Foul Ball, location: 2F 0-1: Swinging Strike 0-2: Ball 1-2: Ball 2-2: Foul Ball, location: 2F 2-2: Ball 3-2: Strikes out looking
|
|
Batting: SHB Tadaaki Kondo
|
0-0: Ball 1-0: Swinging Strike 1-1: Foul Ball, location: 2F 1-2: Strikes out looking
|
|
Batting: RHB Brad Wren
|
0-0: Ground out 2-3 (Groundball, 2L, EV 75.0 MPH)
|
| Top of the 4th over - 0 runs, 0 hits, 0 errors, 0 left on base; Staten Island 0 - Vancouver 1 |
| BOTTOM OF THE 4TH |
|
Vancouver Canadians batting - Pitching for Staten Island Yankees : RHP Andrew Ray
|
|
Batting: RHB Carlos Renteria
|
0-0: Swinging Strike 0-1: Ball 1-1: Swinging Strike 1-2: Foul Ball, location: 2F 1-2: Reached on error, E6 (Groundball, 56D, EV 80.6 MPH)
|
|
Batting: RHB Ricky Carbajal
|
0-0: Ball Carlos Renteria is caught stealing 2nd base 2-4 1-0: Ground out U3 (Groundball, 3, EV 86.9 MPH)
|
|
Batting: RHB Elliot Manfredini
|
0-0: Ball 1-0: Foul Ball, location: 2F 1-1: Fly out, F8 (Flyball, 8LXD, EV 93.8 MPH)
|
| Bottom of the 4th over - 0 runs, 0 hits, 1 error, 0 left on base; Staten Island 0 - Vancouver 1 |
| TOP OF THE 5TH |
|
Staten Island Yankees batting - Pitching for Vancouver Canadians : RHP Jonathon Crunk
|
|
Batting: RHB Matt Thompson
|
0-0: Foul Ball, location: 2F 0-1: Ball 1-1: Called Strike 1-2: Strikes out swinging, 2-3 out at first.
|
|
Batting: RHB Jesus Ruiz
|
0-0: Called Strike 0-1: Ground out 6-3 (Groundball, 6, EV 98.8 MPH)
|
|
Batting: LHB Danny de Leon
|
0-0: Ball 1-0: Ball 2-0: Ball 3-0: Called Strike 3-1: Base on Balls
|
|
Batting: RHB Alex Blanco
|
0-0: Ball 1-0: Foul Ball, location: 2F 1-1: Swinging Strike 1-2: Strikes out swinging
|
| Top of the 5th over - 0 runs, 0 hits, 0 errors, 1 left on base; Staten Island 0 - Vancouver 1 |
| BOTTOM OF THE 5TH |
|
Vancouver Canadians batting - Pitching for Staten Island Yankees : RHP Andrew Ray
|
|
Batting: RHB Braydon Pinsent
|
0-0: Called Strike 0-1: Foul Ball, location: 2F 0-2: SINGLE (Groundball, 4MD, EV 97.5 MPH)
|
|
Batting: RHB Mike Johnson
|
0-0: Ball Wild Pitch! Braydon Pinsent to second 1-0: Called Strike 1-1: Ground out 6-3 (Groundball, 6, EV 85.0 MPH) Braydon Pinsent to third
|
|
Batting: RHB Luis Vargas
|
0-0: Ball 1-0: Foul Ball, location: 2F 1-1: Fly out, F2 (Popup, 23F, EV 80.0 MPH)
|
|
Batting: RHB Kennet Strijbis
|
0-0: Ball 1-0: Ball 2-0: SINGLE (Groundball, 6D, EV 97.5 MPH) Braydon Pinsent scores
|
|
Batting: RHB Brian Manson
|
0-0: Ball 1-0: Foul Ball, location: 2F 1-1: Called Strike 1-2: Ball 2-2: Ground out 1-3 (Groundball, 13S, EV 65.6 MPH)
|
| Bottom of the 5th over - 1 run, 2 hits, 0 errors, 1 left on base; Staten Island 0 - Vancouver 2 |
| TOP OF THE 6TH |
|
Staten Island Yankees batting - Pitching for Vancouver Canadians : RHP Jonathon Crunk
|
|
Batting: RHB Norimoto Miyanishi
|
0-0: Ball 1-0: Ball 2-0: Foul Ball, location: 2F 2-1: Called Strike 2-2: Strikes out swinging
|
|
Batting: RHB Edite Leoni
|
0-0: Ball 1-0: Foul Ball, location: 2F 1-1: Foul Ball, location: 2F 1-2: Ball 2-2: Ball 3-2: Foul Ball, location: 2F 3-2: Strikes out swinging
|
|
Batting: RHB Pat Pemberton
|
0-0: Swinging Strike 0-1: Foul Ball, location: 2F 0-2: Ball 1-2: Ball 2-2: Strikes out swinging
|
| Top of the 6th over - 0 runs, 0 hits, 0 errors, 0 left on base; Staten Island 0 - Vancouver 2 |
| BOTTOM OF THE 6TH |
|
Vancouver Canadians batting - Pitching for Staten Island Yankees : RHP Andrew Ray
|
|
Batting: RHB Norm Mercer
|
0-0: Called Strike 0-1: Ground out U3 (Groundball, 3, EV 90.0 MPH)
|
|
Batting: RHB Carlos Renteria
|
0-0: Ball 1-0: Called Strike 1-1: Ball 2-1: Swinging Strike 2-2: DOUBLE (Flyball, 9D, EV 98.8 MPH)
|
|
Batting: RHB Ricky Carbajal
|
0-0: Ball 1-0: Ground out 6-3 (Groundball, P, EV 81.2 MPH) Carlos Renteria to third
|
|
Batting: RHB Elliot Manfredini
|
0-0: Ball 1-0: Foul Ball, location: 2F 1-1: Swinging Strike 1-2: Fly out, F9 (Flyball, 9, EV 80.6 MPH)
|
| Bottom of the 6th over - 0 runs, 1 hit, 0 errors, 1 left on base; Staten Island 0 - Vancouver 2 |
| TOP OF THE 7TH |
|
Staten Island Yankees batting - Pitching for Vancouver Canadians : RHP Jonathon Crunk
|
|
Batting: SHB Tadaaki Kondo
|
0-0: Called Strike 0-1: Ball 1-1: Called Strike 1-2: Ball 2-2: Foul Ball, location: 2F 2-2: Ball 3-2: Fly out, F4 (Line Drive, 4, EV 64.4 MPH)
|
|
Batting: RHB Brad Wren
|
0-0: Swinging Strike 0-1: Called Strike 0-2: Ball 1-2: Ball 2-2: Ball 3-2: Ground out 4-3 (Groundball, 4, EV 88.8 MPH)
|
|
Batting: RHB Matt Thompson
|
0-0: Called Strike 0-1: Ball 1-1: Called Strike 1-2: Strikes out looking
|
| Top of the 7th over - 0 runs, 0 hits, 0 errors, 0 left on base; Staten Island 0 - Vancouver 2 |
| BOTTOM OF THE 7TH |
|
Vancouver Canadians batting - Pitching for Staten Island Yankees : RHP Andrew Ray
|
|
Batting: RHB Braydon Pinsent
|
0-0: Ground out 2-3 (Groundball, 13S, EV 66.2 MPH)
|
|
Batting: RHB Mike Johnson
|
0-0: Called Strike 0-1: Swinging Strike 0-2: Strikes out swinging
|
|
Batting: RHB Luis Vargas
|
0-0: Foul Ball, location: 2F 0-1: Called Strike 0-2: TRIPLE (Line Drive, 89XD, EV 108.1 MPH)
|
|
Batting: RHB Kennet Strijbis
|
0-0: Ground out 4-3 (Groundball, 4, EV 110.6 MPH)
|
| Bottom of the 7th over - 0 runs, 1 hit, 0 errors, 1 left on base; Staten Island 0 - Vancouver 2 |
| TOP OF THE 8TH |
|
Staten Island Yankees batting - Pitching for Vancouver Canadians : RHP Jonathon Crunk
|
|
Pitching: LHP Quadir Dade
|
|
|
Batting: RHB Jesus Ruiz
|
0-0: Foul Ball, location: 2F 0-1: Called Strike 0-2: Fly out, F9 (Flyball, 89S, EV 77.5 MPH)
|
|
Pinch Hitting: RHB Jon Pierce
|
0-0: Ball 1-0: Ball 2-0: Called Strike 2-1: Ball 3-1: Foul Ball, location: 2F 3-2: Ground out 4-3 (Groundball, 4D, EV 98.8 MPH)
|
|
Batting: RHB Alex Blanco
|
0-0: Ball 1-0: Ground out 6-3 (Groundball, P, EV 86.2 MPH)
|
| Top of the 8th over - 0 runs, 0 hits, 0 errors, 0 left on base; Staten Island 0 - Vancouver 2 |
| BOTTOM OF THE 8TH |
|
Vancouver Canadians batting - Pitching for Staten Island Yankees : RHP Andrew Ray
|
|
Now in RF: Jon Pierce
|
|
|
Batting: RHB Brian Manson
|
0-0: Called Strike 0-1: Ball 1-1: Called Strike 1-2: Ball 2-2: Foul Ball, location: 2F 2-2: Ball 3-2: Base on Balls
|
|
Pitching: RHP Gary Salazar
|
|
|
Batting: RHB Norm Mercer
|
0-0: Swinging Strike Brian Manson steals 2nd, throwing error, E2 Brian Manson to third 0-1: Ball 1-1: Ball 2-1: Foul Ball, location: 2F 2-2: Foul Ball, location: 2F 2-2: Strikes out swinging
|
|
Batting: RHB Carlos Renteria
|
0-0: Ball 1-0: Ball 2-0: Ball 3-0: Called Strike 3-1: SINGLE (Groundball, 4D, EV 94.4 MPH) Brian Manson scores
|
|
Batting: RHB Ricky Carbajal
|
0-0: Called Strike Carlos Renteria steals 2nd base 0-1: Ground out 5-3 (Groundball, 56, EV 97.5 MPH)
|
|
Batting: RHB Elliot Manfredini
|
0-0: Ball Carlos Renteria steals 3rd base 1-0: Ball 2-0: Ground out 6-3 (Groundball, 6S, EV 84.4 MPH)
|
| Bottom of the 8th over - 1 run, 1 hit, 1 error, 1 left on base; Staten Island 0 - Vancouver 3 |
| TOP OF THE 9TH |
|
Staten Island Yankees batting - Pitching for Vancouver Canadians : LHP Quadir Dade
|
|
Pitching: RHP Josh Long
|
|
|
Batting: RHB Norimoto Miyanishi
|
0-0: Ball 1-0: Foul Ball, location: 2F 1-1: Foul Ball, location: 2F 1-2: Strikes out swinging
|
|
Batting: RHB Edite Leoni
|
0-0: Called Strike 0-1: Swinging Strike 0-2: Strikes out looking
|
|
Batting: RHB Pat Pemberton
|
0-0: Ball 1-0: Ball 2-0: SINGLE (Groundball, 56D, EV 95.0 MPH)
|
|
Batting: SHB Tadaaki Kondo
|
0-0: Fly out, F6 (Popup, 6MD, EV 47.5 MPH)
|
| Top of the 9th over - 0 runs, 1 hit, 0 errors, 1 left on base; Staten Island 0 - Vancouver 3 |
|